AoeStats
← FJL

Nomad

507780224Analyzed
3v3 RM · 14d ago on Sep 19, 2026· 21m 49s· 6 players
Game mode
Random Map
Map size
210×210
Population
200
Speed
Normal
Resources
Standard
Victory
Conquest
Starting age
Dark Age
Ending age
Imperial Age
RankedLock teamsTeams togetherTeam positionsShared explorationLock speedFull tech treeHidden civsTurbo modeCheats
Victory
Defeat
🇦🇷 Spanish · Argentina
1486
+12
1417
+15
🇦🇷 Koreans · Argentina
1386
+17
🇵🇪 Vietnamese · Peru
1465
-17
🇨🇱 Spanish · Chile
1441
-16
🇪🇸 Japanese · Spain
1300
-11
Alex Kriz Froz
6:34 Loom
16:07 Feudal Age
16:59 Stone Mining
20:22 Castle Age
18:43 Fletching
21:41 Wheelbarrow
DL | Nato
6:07 Loom
13:54 Feudal Age
20:21 Castle Age
21:52 Medium Warships
DLChuli7
8:24 Loom
18:03 Feudal Age
18:36 Double-Bit Axe
18:53 Man-at-Arms
19:19 Arson
19:55 Forging
FJL
4:06 Loom
13:10 Feudal Age
16:41 Castle Age
18:23 Double-Bit Axe
Don Tani
3:23 Loom
13:37 Feudal Age
18:38 Castle Age
18:53 Double-Bit Axe
20:43 Fletching
Busco señora que cobre PUAM
5:07 Loom
11:36 Feudal Age
13:34 Forging
15:27 Wheelbarrow
16:09 Town Watch
21:21 Castle Age
19:32 Double-Bit Axe
22:16 Medium Warships
22:44 Iron Casting
Connection lost

Rejoining the realm…

Still unreachable

The connection could not be restored.

Session expired

The server has moved on; the page needs a fresh start.